AoeStats
← _STICH_32

Fortress

510498096Analyzed
1v1 RM · 12h ago on Oct 1, 2026· 52m 13s· 2 players
Game mode
Random Map
Map size
Small (3 player)
Population
200
Speed
Normal
Resources
Standard
Victory
Conquest
Starting age
Dark Age
Ending age
Imperial Age
RankedLock teamsTeams togetherTeam positionsShared explorationLock speedFull tech treeHidden civsTurbo modeCheats
Victory
Defeat
🇰🇿 Britons · Kazakhstan
668
+15
🇫🇮 Saracens · Finland
646
-15
chirbe
1:59 Loom
9:28 Feudal Age
10:01 Double-Bit Axe
12:34 Horse Collar
16:47 Castle Age
16:04 Scale Barding Armor
19:29 Forging
20:02 Wheelbarrow
20:05 Stone Mining
23:09 Bow Saw
23:02 Heavy Plow
25:51 Gold Mining
27:35 Fletching
28:08 Chain Barding Armor
28:24 Iron Casting
31:27 Imperial Age
29:13 Husbandry
30:24 Iron Casting
29:46 Bodkin Arrow
31:37 Heavy Camel Rider
33:10 Murder Holes
33:36 Ballistics
34:07 Bloodlines
38:20 Plate Barding Armor
38:04 Town Watch
40:18 Onager
43:07 Chemistry
42:45 Hoardings
42:31 Conscription
42:27 Counterweights
44:47 Counterweights
46:04 Two-Man Saw
45:44 Gold Shaft Mining
49:42 Siege Onager
51:11 Siege Engineers
52:12 Padded Archer Armor
_STICH_32
8:09 Feudal Age
8:42 Double-Bit Axe
12:23 Castle Age
11:29 Horse Collar
15:46 Gold Mining
21:19 Ballistics
21:22 Heavy Plow
21:37 Bow Saw
23:45 Wheelbarrow
24:01 Town Watch
25:01 Treadmill Crane
28:01 Imperial Age
25:32 Stone Mining
26:42 Town Patrol
26:07 Pikeman
27:22 Gambesons
27:24 Arson
27:41 Squires
27:56 Fletching
28:07 Scale Mail Armor
29:00 Halberdier
30:05 Conscription
30:55 Chemistry
31:55 Warwolf
33:27 Arrowslits
33:48 Siege Engineers
33:40 Bodkin Arrow
34:01 Chain Mail Armor
33:46 Padded Archer Armor
33:57 Forging
34:16 Yeomen
37:20 Bracer
37:56 Iron Casting
37:36 Leather Archer Armor
37:52 Plate Mail Armor
38:23 Guilds
39:32 Two-Man Saw
39:38 Gold Shaft Mining
39:41 Hand Cart
40:16 Elite Longbowman
Connection lost

Rejoining the realm…

Still unreachable

The connection could not be restored.

Session expired

The server has moved on; the page needs a fresh start.